 Dungeon Crawl Stone Soup version 0.20-a0-903-g7e3609c (webtiles) character file.

15566 M4edhros the Blocker (level 12, -9/74 HPs)
             Began as a Formicid Air Elementalist on Mar 21, 2017.
             Was an Initiate of Gozag.
             Mangled by a white ugly thing (13 damage)
             ... on level 12 of the Dungeon.
             The game lasted 00:28:01 (13080 turns).

M4edhros the Blocker (Formicid Air Elementalist)   Turns: 13080, Time: 00:28:01

Health: -9/74      AC: 18    Str: 14    XL:     12   Next: 59%
Magic:  0/22       EV: 15    Int: 15    God:    Gozag
Gold:   1148       SH: 16    Dex: 15    Spells: 13/24 levels left

rFire    . . .     SeeInvis +   m - +3 short sword (venom)
rCold    + . .     Gourm    .   J - +6 leather armour of Athris {rC+ rN+}
rNeg     + . .     Faith    .   v - +0 large shield
rPois    .         Spirit   +   (helmet unavailable)
rElec    .         Reflect  .   t - +0 cloak
rCorr    .         Harm     .   (no gloves)
MR       +....                  u - +0 pair of boots
Stlth    ++........             U - amulet of guardian spirit
Regen    0.3/turn               (no ring)
MPRegen  0.2/turn               e - +6 ring of protection

@: no status effects
A: permanent stasis, dig shafts and tunnels, four strong arms, antennae 3
a: Dig, Shaft Self, Potion Petition, Call Merchant, Bribe Branch, Renounce
Religion


You were on level 12 of the Dungeon.
You worshipped Gozag.
Gozag was most pleased with you.
You were very hungry.

You visited 2 branches of the dungeon, and saw 13 of its levels.

You collected 2705 gold pieces.
You spent 379 gold pieces at shops.
You paid 1178 gold pieces to Gozag.

Inventory:

Hand Weapons
 j - a +0 trident of venom
 m - a +3 short sword of venom (weapon)
 E - a +1 broad axe of electrocution
 H - a +0 hunting sling
 L - a +0 hunting sling
 Q - a +0 battleaxe of electrocution
 V - a +0 blowgun
Missiles
 M - 37 sling bullets
 W - 7 curare-tipped needles
Armour
 a - a +0 robe
 t - a +0 cloak (worn)
 u - a +0 pair of boots (worn)
 v - a +0 large shield (worn)
 J - the +6 leather armour of Athris (worn) {rC+ rN+}
   (You bought it in a shop on level 10 of the Dungeon)

   It protects you from cold.
   It protects you from negative energy.
Jewellery
 e - a +6 ring of protection (left hand)
 h - an uncursed ring of fire
 K - a +2 ring of protection
 S - an uncursed ring of flight
 U - an amulet of guardian spirit (around neck)
Wands
 d - a wand of lightning (9/15)
 g - a wand of disintegration (2/24)
 o - a wand of digging (16/24)
 p - a wand of paralysis (13/24)
 s - a wand of confusion (2/48)
 A - a wand of flame (0/48)
 C - a wand of disintegration (0/24)
 D - a wand of digging (1/24)
 I - a wand of scattershot (0/9)
 N - a wand of digging (15/24)
 O - a wand of iceblast (3/15)
 R - a wand of flame (18/48)
 T - a wand of disintegration (11/24)
Scrolls
 f - 4 scrolls of remove curse
 i - 2 scrolls of enchant weapon
 k - 5 scrolls of immolation {unknown}
 r - a scroll of fog {unknown}
 w - a scroll of amnesia {unknown}
 x - 3 scrolls of enchant armour
 y - a scroll of fear {unknown}
 z - 2 scrolls of magic mapping {unknown}
 F - a scroll of random uselessness {unknown}
Potions
 l - a potion of might
 q - a potion of magic
Books
 b - a book of Air

   Spells                             Type                      Level
   a - Shock                          Conjuration/Air              1
   b - Swiftness                      Charms/Air                   2
   c - Static Discharge               Conjuration/Air              3
   d - Airstrike                      Air                          4
   e - Lightning Bolt                 Conjuration/Air              5
Miscellaneous
 P - a lightning rod (inert)
Comestibles
 c - 2 bread rations
 n - 9 meat rations
 B - 5 fruits
 G - 2 royal jellies


   Skills:
 * Level 5.9 Axes
 + Level 4.7 Armour
 - Level 7.6 Dodging
 - Level 2.4 Stealth
 * Level 10.9 Shields
 - Level 6.8 Spellcasting
 - Level 7.3 Conjurations
 + Level 8.0 Air Magic


You had 13 spell levels left.
You knew the following spells:

 Your Spells              Type           Power        Failure   Level  Hunger
a - Shock                 Conj/Air       ####         1%          1    None
b - Static Discharge      Conj/Air       ####....     8%          3    ##.....
c - Swiftness             Chrm/Air       ###.....     14%         2    None
d - Lightning Bolt        Conj/Air       ####......   58%         5    #####..


Dungeon Overview and Level Annotations

Branches:
Dungeon (12/15)            Temple (1/1) D:5            Lair (0/6) D:11
    Orc (0/2) D:9

Altars:
Ashenzari
Cheibriados
Dithmenos
Elyvilon
Fedhas
Gozag
Hepliaklqana
Kikubaaqudgha
Makhleb
Nemelex Xobeh
Okawaru
Qazlal
Ru
Sif Muna
Trog
Uskayaw
Vehumet
Wu Jian
Xom
Yredelemnul
Zin
The Shining One

Shops:
D:7 *   D:8 ?   D:10 [


Innate Abilities, Weirdness & Mutations

You cannot be hasted, slowed, berserked, paralysed or teleported.
You can dig through walls and to a lower floor.
Your four strong arms can wield two-handed weapons with a shield.
You have a pair of large antennae on your head. (SInv)


Message History

The white ugly thing is heavily wounded.
The white ugly thing trunk-slaps you but does no damage.
Okay, then.
Remove which piece of jewellery? (? for menu, Esc to quit)
You remove your ring of fire.
The white ugly thing trunk-slaps you.
* * * LOW HITPOINT WARNING * * *
The white ugly thing freezes you! You resist.
* * * LOW HITPOINT WARNING * * *
Okay, then.
Okay, then.
Evoke which item? (* to show all) (? for menu, Esc to quit)
Aiming: Paralyse
Press: ? - help, Shift-Dir - straight line, f - white ugly thing
Aim: a white ugly thing (heavily wounded, chance to defeat MR: 28%)
The white ugly thing easily resists.
This wand has 13 charges left.
The white ugly thing trunk-slaps you.
* * * LOW HITPOINT WARNING * * *
The white ugly thing freezes you! You resist.
You die...
Your body crumbles into a pile of gold.

........###..###.#####.#....
#..$...................#.
#......###.##............
#####...##.#............#
####.#.##...#...####.###
#...........#...# #.#
#...........>..#####.#
#......u#....#.......#
#....!.@#....#########
#.......#....#
#########...## #...# #...#
#...# #####


You could see a white ugly thing.

Vanquished Creatures
  Snorg (D:11)
  A hydra (D:12)
  2 two-headed ogres
  Sonja (D:11)
  An ugly thing (D:11)
  A cyclops (D:12)
  Joseph (D:10)
  Maurice (D:8)
  5 trolls
  The ghost of jotwebe the Chopper, an amateur HOSk (D:5)
  2 hippogriffs (D:11)
  A wraith (D:10)
  11 yaks
  A vampire (D:9)
  2 hungry ghosts
  Menkaure (D:5)
  7 orc warriors
  An ice beast (D:11)
  A swamp drake (D:9)
  An eye of draining (D:9)
  2 black bears
  5 ogres
  2 phantoms
  5 sky beasts
  A necrophage (D:10)
  8 centaurs
  3 big kobolds
  3 bullfrogs
  5 scorpions
  A water moccasin skeleton (D:9)
  13 killer bees
  9 wights
  2 electric eels (D:8)
  2 howler monkeys
  A centaur zombie (D:5)
  6 crimson imps
  2 hounds
  2 jellies
  7 bullfrog skeletons
  2 bullfrog zombies (D:8)
  7 orc priests
  14 orc wizards
  5 centaur skeletons
  5 iguanas
  7 worker ants
  A hound zombie (D:6)
  3 hound skeletons
  2 worker ant zombies
  13 adders
  A howler monkey skeleton (D:9)
  4 shadow imps
  An ooze (D:3)
  2 adder skeletons
  An adder zombie (D:8)
  3 worms
  5 dart slugs
  7 leopard geckos
  56 orcs
  2 ball pythons
  12 bats
  2 giant cockroaches
  14 goblins
  9 hobgoblins
  13 jackals
  12 kobolds
  3 quokkas
  6 frilled lizards
  A jackal skeleton (D:5)
  A quokka zombie (D:5)
  11 rats
347 creatures vanquished.

Notes
Turn   | Place    | Note
-------+----------+-------------------------------------------
     0 | D:1      | M4edhros the Formicid Air Elementalist began the quest for the Orb.
     0 | D:1      | Reached XP level 1. HP: 13/13 MP: 3/3
   148 | D:1      | Reached skill level 1 in Conjurations
   437 | D:1      | Reached XP level 2. HP: 19/19 MP: 3/5
   669 | D:2      | Reached XP level 3. HP: 19/24 MP: 3/6
  1107 | D:3      | Reached XP level 4. HP: 22/30 MP: 0/8
  1381 | D:4      | Reached XP level 5. HP: 30/35 MP: 3/9
  1421 | D:4      | You fall through a shaft for 2 floors!
  1421 | D:6      | Noticed a black bear
  1445 | D:6      | Killed a black bear
  1445 | D:6      | Reached XP level 6. HP: 36/41 MP: 2/11
  1808 | D:5      | Entered Level 5 of the Dungeon
  1826 | D:5      | Reached XP level 7. HP: 45/46 MP: 11/13
  1862 | D:5      | Noticed jotwebe's ghost (amateur HOSk)
  1938 | D:4      | Found a basalt altar of Yredelemnul.
  2488 | D:4      | Reached XP level 8. HP: 44/52 MP: 7/15
  2749 | D:5      | Found a staircase to the Ecumenical Temple.
  2824 | D:5      | Reached skill level 5 in Spellcasting
  2861 | Temple   | Entered the Ecumenical Temple
  2967 | Temple   | Became a worshipper of Gozag Ym Sagoz the Greedy
  3949 | D:2      | Found a faded altar of an unknown god.
  4129 | D:3      | Found a shattered altar of Ashenzari.
  4756 | D:3      | Found an ancient bone altar of Kikubaaqudgha.
  5319 | D:5      | Noticed Menkaure
  5332 | D:5      | Killed Menkaure
  5515 | D:5      | Killed jotwebe's ghost
  5515 | D:5      | Reached skill level 5 in Dodging
  5515 | D:5      | Reached skill level 5 in Air Magic
  5515 | D:5      | Reached XP level 9. HP: 29/57 MP: 9/17
  5950 | D:6      | Noticed a two-headed ogre
  5962 | D:6      | Killed a two-headed ogre
  5962 | D:6      | Reached skill level 5 in Conjurations
  6373 | D:7      | Learned a level 3 spell: Static Discharge
  6376 | D:7      | Learned a level 2 spell: Swiftness
  6382 | D:7      | Learned a level 5 spell: Lightning Bolt
  6387 | D:7      | Found a burning altar of Makhleb.
  6510 | D:7      | Reached skill level 1 in Shields
  6518 | D:7      | Reached XP level 10. HP: 62/63 MP: 10/20
  6619 | D:7      | Bought a tiny steel amulet for 155 gold pieces
  6731 | D:7      | Reached skill level 2 in Shields
  6875 | D:7      | Found a glowing silver altar of Zin.
  7028 | D:8      | Noticed Maurice
  7048 | D:8      | Reached skill level 3 in Shields
  7067 | D:8      | Killed Maurice
  7067 | D:8      | Reached skill level 4 in Shields
  7587 | D:8      | Found Egesaloxt's Magic Scroll Shop.
  8126 | D:9      | Reached skill level 5 in Shields
  8494 | D:9      | Found an iron altar of Okawaru.
  8494 | D:9      | Found a sacrificial altar of Ru.
  8524 | D:9      | Found a staircase to the Orcish Mines.
  8658 | D:9      | HP: 3/63 [orc wizard/puff of flame (6)]
  8978 | D:9      | Reached skill level 6 in Shields
  9336 | D:9      | Reached XP level 11. HP: 48/68 MP: 21/21
  9348 | D:9      | Reached skill level 7 in Shields
  9788 | D:10     | Entered Level 10 of the Dungeon
  9854 | D:10     | HP: 2/68 [troll (14)]
 10070 | D:10     | Reached skill level 8 in Shields
 10143 | D:10     | Bought an ancient leather armour for 224 gold pieces
 10153 | D:10     | Identified the +6 leather armour of Athris {rC+ rN+} (You bought it in a shop on level 10 of the Dungeon)
 10636 | D:10     | Noticed Joseph
 10666 | D:10     | Killed Joseph
 10666 | D:10     | Reached skill level 1 in Axes
 10754 | D:10     | Reached skill level 1 in Armour
 11120 | D:10     | Found a burning altar of Makhleb.
 11222 | D:10     | Reached skill level 9 in Shields
 12109 | D:11     | Noticed a two-headed ogre
 12128 | D:11     | Noticed Sonja
 12130 | D:11     | Killed Sonja
 12130 | D:11     | Reached XP level 12. HP: 60/74 MP: 22/22
 12130 | D:11     | Killed a two-headed ogre
 12130 | D:11     | Reached skill level 10 in Shields
 12263 | D:11     | Noticed Snorg
 12530 | D:11     | Killed Snorg
 12530 | D:11     | Reached skill level 5 in Axes
 12600 | D:11     | Found a staircase to the Lair.
 13000 | D:12     | Noticed a five-headed hydra
 13033 | D:12     | Killed a five-headed hydra
 13080 | D:12     | Mangled by a white ugly thing

Vault maps used:
D:1:      dpeg_cavernosity, st_stairs_14
D:2:      first_bread, chequers_ecumenical_altar_island,
          minmay_goblin_kobold_house
D:3:      nicolae_overflow_crystal_walls, ashenzari_altar_1
D:4:      cheibrodos_thug_alley, kennysheep_little_box
D:5:      temple_doors_cd, minmay_hedge_maze, uniq_menkaure
D:7:      lemuel_coloured_pillars_altar, old_standard_altar, grunt_ogre_cave
D:8:      serial_shops, shop_scrolls, uniq_maurice
D:9:      amethyst_overflow_temple_binary, erik_orc_1,
          kennysheep_decorative_pillar
D:10:     basic_altar, uniq_joseph
D:11:     lair_entry_dummy, grunt_decor_arrowhead, uniq_sonja, uniq_snorg
D:12:     minmay_bloctagon, serial_shops, shop
Temple:   regret_index_temple_waves

Skill      XL: |  1  2  3  4  5  6  7  8  9 10 11 12 |
---------------+-------------------------------------+-----
Conjurations   | 1 2 3 4 5 6 7 |  7.3
Dodging        | 2 3 5 6 7 |  7.6
Spellcasting   | 3 4 5 6 |  6.8
Air Magic      | 3 4 5 6 7 8 |  8.0
Shields        | 1 6 9 10 | 10.9
Axes           | 3 5 |  5.9
Armour         | 3 4 |  4.7
Stealth        | |  2.4

Action                   |  1- 3 |  4- 6 |  7- 9 | 10-12 || total
-------------------------+-------+-------+-------+-------++-------
Melee: Unarmed           |    77 |       |       |       ||    77
       Spear             |    37 |    26 |       |       ||    63
       Short sword       |       |    15 |   288 |   385 ||   688
       Trident           |       |       |       |   456 ||   456
       Broad axe         |       |       |       |   141 ||   141
       Blowgun           |       |       |       |    17 ||    17
 Fire: Blowgun           |       |       |       |     4 ||     4
 Cast: Shock             |    42 |    37 |   147 |    71 ||   297
       Static Discharge  |       |       |       |     3 ||     3
Invok: Potion Petition   |       |       |     1 |       ||     1
       Call Merchant     |       |       |       |     2 ||     2
 Abil: Dig               |       |       |       |     8 ||     8
Evoke: Wand              |       |     1 |     4 |    50 ||    55
       Lightning rod     |       |       |       |     4 ||     4
  Use: Potion            |     1 |     1 |     2 |     7 ||    11
       Scroll            |       |     3 |     1 |     8 ||    12
 Stab: Sleeping          |     1 |       |     2 |     8 ||    11
       Invisible         |       |       |     4 |       ||     4
       Distracted        |       |       |       |     3 ||     3
       Confused          |       |       |       |     1 ||     1
  Eat: Chunk             |     1 |     3 |     2 |       ||     6
       Bread ration      |       |       |     3 |     5 ||     8
       Royal jelly       |       |       |       |     4 ||     4
Armor: Robe              |    50 |    24 |    88 |    86 ||   248
       Leather armour    |       |       |       |   200 ||   200
Dodge: Dodged            |    78 |    48 |   257 |   510 ||   893
Block: Large shield      |       |       |       |   954 ||   954
